 Dungeon Crawl Stone Soup version 0.29-a0-352-g0917bc69df (webtiles) character file.

Game seed: 14497947122868448782

123 pokeman the Magician (level 4, -2/25 HPs)
             Began as a Deep Elf Hedge Wizard on Apr 24, 2022.
             Killed by divine providence
             ... invoked by an orc priest
              (12 damage)
             ... on level 3 of the Dungeon.
             The game lasted 00:05:12 (3394 turns).

pokeman the Magician (Deep Elf Hedge Wizard)        Turns: 3394, Time: 00:05:12

Health: -2/25      AC:  8    Str:  7    XL:     4   Next: 80%
Magic:  3/13       EV: 12    Int: 21    God:
Gold:   191        SH:  0    Dex: 14    Spells: 3/14 levels left

rFire   + . .      SeeInvis .   w - +0 club (spect)
rCold   . . .      Faith    .   (no shield)
rNeg    . . .      Spirit   .   l - +1 leather armour {rC+}
rPois   .          Reflect  .   c - +0 hat
rElec   .          Harm     .   (no cloak)
rCorr   .          Rampage  .   (no gloves)
Will    .....                   (no boots)
Stlth   ++........              (no amulet)
HPRegen 0.08/turn               s - +4 ring of protection
MPRegen 0.13/turn               g - ring of fire

@: very slightly contaminated
A: no striking features
a: no special abilities


You were on level 3 of the Dungeon.
You visited 1 branch of the dungeon, and saw 4 of its levels.

You collected 191 gold pieces.

Inventory:

Hand Weapons
 w - a +0 spectral club (weapon)
Armour
 c - a +0 hat (worn)
 l - a +1 leather armour of cold resistance (worn)
 m - a +0 buckler
Jewellery
 f - a ring of positive energy
 g - a ring of fire (right hand)
 p - a ring of willpower
 s - a +4 ring of protection (left hand)
Wands
 q - a wand of iceblast (11)
Scrolls
 a - 3 scrolls of identify {unknown}
 b - a scroll of enchant weapon {unknown}
 h - 2 scrolls of enchant armour {unknown}
 i - 2 scrolls of magic mapping {unknown}
 n - a scroll of fog {unknown}
 r - 3 scrolls of teleportation {unknown}
 t - 2 scrolls of amnesia {unknown}
 u - a scroll of torment {unknown}
 v - a scroll of fear {unknown}
 x - 2 scrolls of immolation {unknown}
 y - a scroll of noise {unknown}
Potions
 d - 2 potions of magic
 e - 2 potions of curing
 j - a potion of haste {unknown}
 k - 2 potions of ambrosia {unknown}
 o - a potion of mutation {unknown}


   Skills:
 - Level 1.0 Fighting
 - Level 1.0 Armour
 + Level 2.9 Dodging
 - Level 2.4 Stealth
 + Level 0.7 Shields
 * Level 5.9 Spellcasting
 + Level 2.3 Conjurations
 - Level 1.1 Summonings
 - Level 1.1 Translocations


You had 3 spell levels left.
You knew the following spells:

 Your Spells              Type           Power      Damage    Failure   Level
a - Magic Dart            Conj           64%        1d6       5%          1
b - Mephitic Cloud        Conj/Pois/Air  9%         N/A       30%         3
c - Call Imp              Summ           10%        N/A       14%         2
d - Blink                 Tloc           20%        N/A       14%         2
e - Conjure Flame         Conj/Fire      16%        6-21      26%         3

Your spell library contained the following spells:

 Spells                   Type           Power      Damage    Failure   Level
 Pain                     Necr           24%        1d5       14%         1
 Slow                     Hex            24%        N/A       14%         1
 Agony                    Necr           6%         N/A       99%         5
 Excruciating Wounds      Necr           3%         N/A       99%         5


Dungeon Overview and Level Annotations

Branches:
Dungeon (4/15)
 Temple: D:4-7

Altars:

Shops:
D:1 !


Message History

Ouch! That really hurt!
The orc attacks as you move away! The orc barely misses you.
The orc attacks as you move away! The orc hits you but does no damage.
You barely miss the orc.
The orc is severely wounded.
Your +0 spectral club hits the orc!
You kill the orc!
Casting: Magic Dart (safe; 5% risk of failure)
Confirm with . or Enter, or press ? or * to list all spells.
Aiming: Magic Dart (safe; 5% risk of failure)
Press: ? - help, Shift-Dir - straight line, f - orc
Aim: an orc, wielding a +0 hand axe and wearing a +0 leather armour (100% to hit)
You miscast Magic Dart.
You are very lightly contaminated with residual magic.
Nothing appears to happen.
You closely miss the orc.
Your +0 spectral club hits the orc but does no damage.
The orc closely misses you.
The orc barely misses your +0 spectral club.
You hit the orc but do no damage.
Your +0 spectral club barely misses the orc.
The orc closely misses your +0 spectral club.
The orc hits you but does no damage.
The orc closely misses your +0 spectral club.
The orc hits you but does no damage.
Unknown command.
You hit the orc but do no damage.
Your +0 spectral club hits the orc.
Unknown command.
Casting: Magic Dart (safe; 5% risk of failure)
Confirm with . or Enter, or press ? or * to list all spells.
The spell is extremely dangerous to miscast (30% risk of failure)!
Continue anyway?
Aiming: Mephitic Cloud (extremely dangerous; 30% risk of failure)
Press: ? - help, Shift-Dir - straight line, f - orc priest, p - orc
Aim: an orc priest, wielding a +0 mace and wearing a +0 leather armour (chance to affect: 86%)
You miscast Mephitic Cloud.
Nothing appears to happen.
Unknown command.
The orc attacks as you move away! The orc hits you but does no damage.
The orc priest mumbles some strange prayers to Beogh against you.
Beogh smites you!
You die...

#.....# #.....# #...### #.[.#
#...# ########...####
..............#
..###########.##############
..............§o@.......>..#
..############o#####.#####.###
..# #.## #.# #...# ..#
#..####.#######.# ..#
##.†....#.....#.# ###
#)###..#.##.##.#
#####o###..#.##....#
####......##..#...#####
##....#.............####


You could see an orc priest and an orc.

Vanquished Creatures
  Jessica (D:3)
  2 adders
  An ufetubus (D:3)
  3 worms (D:2)
  A dart slug (D:2)
  4 orcs (D:3)
  A ball python (D:1)
  4 endoplasms
  3 goblins
  10 hobgoblins
  4 jackals (D:1)
  5 quokkas
  4 bats
  4 frilled lizards
  4 kobolds
  4 rats
55 creatures vanquished.

Notes
Turn   | Place    | Note
-------+----------+-------------------------------------------
     0 | D:1      | pokeman the Deep Elf Hedge Wizard began the quest for the
                  | Orb.
     0 | D:1      | Reached XP level 1. HP: 10/10 MP: 7/7
   257 | D:1      | Found Letham's Distillery.
   420 | D:1      | Reached XP level 2. HP: 15/16 MP: 2/9
   770 | D:1      | Found a faded altar of an unknown god.
  1332 | D:2      | Reached skill level 5 in Spellcasting
  1447 | D:2      | Reached XP level 3. HP: 20/20 MP: 5/11
  1451 | D:2      | Learned a level 3 spell: Mephitic Cloud
  1454 | D:2      | Learned a level 2 spell: Call Imp
  1457 | D:2      | Learned a level 2 spell: Blink
  1461 | D:2      | Learned a level 3 spell: Conjure Flame
  1676 | D:2      | Reached skill level 1 in Fighting
  1780 | D:2      | Reached skill level 1 in Armour
  2176 | D:2      | You fall into a shaft and drop 2 floors!
  2816 | D:3      | Reached XP level 4. HP: 25/25 MP: 3/13
  3062 | D:3      | Noticed Jessica
  3073 | D:3      | Killed Jessica
  3394 | D:3      | Killed from afar by an orc priest

Illustrated notes

Levels and vault maps discovered:
D:1:      onia_arrival_pyramid, layout_loops_corners, serial_shops,
          nicolae_shop_behind_doors, hellmonk_ecumenical_altar_lost_god
D:2:      layout_loops_ring
D:3:      layout_basic, kennysheep_jessica_study
D:4:      layout_basic, temple_fountains, serial_shops, shop,
          lexackson_kobold_supper

Skill      XL: |  1  2  3 |
---------------+----------+-----
Spellcasting   | 5 |  5.9
Fighting       | 1 |  1.0
Armour         | 1 |  1.0
Conjurations   | 2 |  2.3
Dodging        | |  2.9
Stealth        | |  2.4
Shields        | |  0.7
Summonings     | |  1.1
Translocations | |  1.1

Action                   |  1- 3 |  4- 6 || total
-------------------------+-------+-------++-------
Melee: Dagger            |     2 |       ||     2
       Long sword        |    12 |     8 ||    20
       Club              |       |     4 ||     4
 Cast: Magic Dart        |   115 |    32 ||   147
       Mephitic Cloud    |       |     1 ||     1
 Stab: Sleeping          |     1 |     1 ||     2
Armor: Robe              |     2 |       ||     2
       Leather armour    |    10 |     8 ||    18
Dodge: Dodged            |    31 |    16 ||    47

Table legend: (Time is in decaauts)
 A = Elapsed time spent in this place.
 B = Non-inter-level travel time spent in this place.
 C = Inter-level travel time spent in this place.
 D = Time resting spent in this place.
 E = Time spent auto-exploring this place.
 F = Levels seen in this place.
 G = Mean time per level.
                   A        B        C        D        E       F      G
               +--------+--------+--------+--------+--------+-----+--------+
         Total |   3401 |   3321 |     80 |     39 |   2896 |   4 |  850.2 |
       Dungeon |   3401 |   3321 |     80 |     39 |   2896 |   4 |  850.2 |
               +--------+--------+--------+--------+--------+-----+--------+

Top non-repeatable levels by time:
     D:1: 1272 daAuts
     D:2: 1189 daAuts
     D:3: 729 daAuts
     D:4: 210 daAuts
